 Dungeon Crawl Stone Soup version 0.31-a0-1499-ge0622b2318 (webtiles) character file.

Game seed: 10920790136044347905

1717855 grandjackal the Blood Saint (level 27, 323/323 HPs)
             Began as a Demonspawn Gladiator on Dec 30, 2023.
             Was an Initiate of Yredelemnul.
             Escaped with the Orb
             ... and 3 runes!
             The game lasted 02:01:20 (70023 turns).

grandjackal the Blood Saint (Demonspawn Gladiator) Turns: 70023, Time: 02:01:20

Health: 323/323    AC: 47    Str: 28    XL:     27
Magic:  40/40      EV: 13    Int:  9    God:    Yredelemnul [......]
Gold:   7867       SH:  4    Dex: 17    Spells: 26/26 levels left

rFire   + +          +
                       - Unarmed
rCold   + + .        (no shield)
rNeg    + . .        O - +6 gold dragon scales
rPois   +            V - +2 helmet {SInv}
rElec   .            S - +2 cloak
rCorr   .            (gloves unavailable)
SInv    +            c - +2 pair of boots
Will    +++..        N - amulet "Fautuq" {^Drain rF++ Will+ Regen+} Stlth
                     a - ring "Nootuth" {rF+ rN+}
HPRegen 1.53/turn    s - ring of Jawin {rC+ Str+4}
MPRegen 0.27/turn

%: no passive effects
@: no status effects
A: foul stench 3, icemail 2, robust 3, sanguine armour 3, condensation shield,
demonic touch 3, weak 1
0: Orb of Zot
}: 3/15 runes: decaying, serpentine, silver
a: Renounce Religion, Recall Undead Harvest


You escaped.
You worshipped Yredelemnul.
Yredelemnul was exalted by your worship.
You visited 11 branches of the dungeon, and saw 51 of its levels.
You visited the Abyss 2 times.
You also visited: Trove, Ossuary, Gauntlet, Ice Cave and Wizlab.

You collected 10735 gold pieces.
You spent 2868 gold pieces at shops.

Inventory:

Missiles
 d - 4 throwing nets (quivered)
 e - 12 javelins
 i - 5 silver javelins
Armour
 c - a +2 pair of boots (worn)
 G - a +1 pair of boots of flying
 O - +6 gold dragon scales (worn)
 S - a +2 cloak (worn)
 V - a +2 helmet of see invisible (worn)
Jewellery
 a - the ring "Nootuth" (left hand) {rF+ rN+}
   (You bought it in a shop on level 1 of the Snake Pit)

   [ring of protection from fire]

   rF+:       It protects you from fire.
   rN+:       It protects you from negative energy.
 g - the ring "Amues" {rF++ rC+}
   (You found it in a treasure trove)

   [ring of protection from cold]

   rF++:      It greatly protects you from fire.
   rC+:       It protects you from cold.
 r - the ring "Cawkunt" {+Blink Fly Stlth+}
   (You found it on level 2 of the Elven Halls)

   [ring of flight]

   Fly:       It grants you flight.
   +Blink:    It lets you blink.
   Stlth+:    It makes you more stealthy.
 s - the ring of Jawin (right hand) {rC+ Str+4}
   (You found it in a treasure trove)

   [ring of protection from cold]

   Str+4:     It affects your strength (+4).
   rC+:       It protects you from cold.
 u - a ring of protection from fire
 v - the ring "Qaugy" {Ice Will+}
   (You took it off Josephina on level 2 of the Crypt)

   [ring of ice]

   Ice:       It enhances your ice magic.
   rF-:       It makes you vulnerable to fire.
   rC+:       It protects you from cold.
   Will+:     It increases your willpower.
 A - a ring of ice
 N - the amulet "Fautuq" (around neck) {^Drain rF++ Will+ Regen+}
   (You took it off a centaur warrior on level 12 of the Dungeon)

   [amulet of regeneration]

   rF++:      It greatly protects you from fire.
   Will+:     It increases your willpower.
   Regen+:    It increases your rate of health regeneration.
   ^Drain:    It drains your maximum health when unequipped.
Wands
 B - a wand of digging (22)
 H - a wand of charming (2)
 K - a wand of polymorph (4)
 L - a wand of acid (15)
Scrolls
 b - 6 scrolls of fear
 m - 9 scrolls of teleportation
 w - 11 scrolls of poison
 x - 4 scrolls of revelation
 y - 3 scrolls of torment
 z - 6 scrolls of fog
 D - 10 scrolls of blinking
 E - 8 scrolls of silence
 F - 19 scrolls of identify
 I - 7 scrolls of immolation
 M - 2 scrolls of vulnerability
 P - 2 scrolls of summoning
Potions
 f - 5 potions of haste
 h - a potion of resistance
 j - 4 potions of invisibility
 k - 27 potions of curing
 l - 3 potions of cancellation
 n - a potion of brilliance
 o - a potion of mutation
 p - 4 potions of enlightenment
 q - 3 potions of might
 t - 4 potions of ambrosia
 J - 6 potions of attraction
 Q - a potion of berserk rage
 T - 2 potions of magic
 W - a potion of lignification


   Skills:
 O Level 27 Fighting
 - Level 2.8 Axes
 - Level 2.0 Throwing
 - Level 18.2 Armour
 + Level 14.3 Dodging
 + Level 25.0 Unarmed Combat
 O Level 27 Invocations


You had 26 spell levels left.
You didn't know any spells.
Your spell library contained the following spells:

 Spells                   Type           Power      Damage    Failure   Level
 Apportation              Tloc           0%         N/A       99%         1
 Foxfire                  Conj/Fire      0%         2x1d4     99%         1
 Freeze                   Ice            0%         1d3       99%         1
 Magic Dart               Conj           0%         1d3       99%         1
 Necrotise                Necr           0%         1d4       99%         1
 Sandblast                Erth           0%         2d4       99%         1
 Shock                    Conj/Air       0%         1d3       99%         1
 Slow                     Hex            0%         N/A       99%         1
 Sting                    Conj/Alch      0%         1d3       99%         1
 Summon Small Mammal      Summ           0%         N/A       99%         1
 Blink                    Tloc           0%         N/A       100%        2
 Call Imp                 Summ           0%         N/A       100%        2
 Cigotuvi's Dreadful Rot  Necr/Alch/Air  0%         N/A       100%        2
 Jinxbite                 Hex            0%         N/A       100%        2
 Lesser Beckoning         Tloc           0%         N/A       100%        2
 Mercury Vapours          Alch/Air       0%         N/A       100%        2
 Momentum Strike          Conj/Tloc      0%         3d8       100%        2
 Scorch                   Fire           0%         2d5       100%        2
 Static Discharge         Conj/Air       0%         3-3/arc   100%        2
 Sublimation of Blood     Necr           0%         N/A       100%        2
 Call Canine Familiar     Summ           0%         N/A       100%        3
 Dazzling Flash           Conj/Hex       0%         N/A       100%        3
 Frozen Ramparts          Ice            0%         1d1       100%        3
 Fugue of the Fallen      Necr           0%         N/A       100%        3
 Gell's Gravitas          Tloc           0%         N/A       100%        3
 Hailstorm                Conj/Ice       0%         3d5       100%        3
 Inner Flame              Hex/Fire       0%         N/A       100%        3
 Ozocubu's Armour         Ice            0%         N/A       100%        3
 Passwall                 Erth           0%         N/A       100%        3
 Sigil of Binding         Hex            0%         N/A       100%        3
 Stone Arrow              Conj/Erth      0%         3d7       100%        3
 Summon Ice Beast         Ice/Summ       0%         N/A       100%        3
 Swiftness                Air            0%         N/A       100%        3
 Teleport Other           Tloc           0%         N/A       100%        3
 Tukima's Dance           Hex            0%         N/A       100%        3
 Vampiric Draining        Necr           0%         2d6       100%        3
 Volatile Blastmotes      Fire/Tloc      0%         2d10      100%        3
 Airstrike                Air            0%         2d(0-16)  100%        4
 Animate Armour           Summ/Erth      0%         N/A       100%        4
 Brom's Barrelling Bould  Conj/Erth      0%         2d3       100%        4
 Cause Fear               Hex            0%         N/A       100%        4
 Dimensional Bullseye     Hex/Tloc       0%         N/A       100%        4
 Dispel Undead            Necr           0%         3d6       100%        4
 Flame Wave               Conj/Fire      0%         2d4       100%        4
 Iskenderun's Mystic Bla  Conj/Tloc      0%         2d3       100%        4
 Manifold Assault         Tloc           0%         N/A       100%        4
 Martyr's Knell           Necr/Summ      0%         N/A       100%        4
 Olgreb's Toxic Radiance  Alch           0%         N/A       100%        4
 Passage of Golubria      Tloc           0%         N/A       100%        4
 Petrify                  Alch/Erth      0%         N/A       100%        4
 Summon Blazeheart Golem  Fire/Summ      0%         N/A       100%        4
 Summon Lightning Spire   Summ/Air       0%         N/A       100%        4
 Vhi's Electric Charge    Tloc/Air       0%         N/A       100%        4
 Alistair's Intoxication  Alch           0%         N/A       100%        5
 Arcjolt                  Conj/Air       0%         1d10      100%        5
 Borgnjor's Vile Clutch   Necr/Erth      0%         N/A       100%        5
 Curse of Agony           Necr           0%         N/A       100%        5
 Fireball                 Conj/Fire      0%         3d3       100%        5
 Freezing Cloud           Conj/Ice/Air   0%         6-21      100%        5
 Irradiate                Conj/Alch      0%         3d11      100%        5
 Iskenderun's Battlesphe  Conj           0%         2d6       100%        5
 Lee's Rapid Deconstruct  Erth           0%         3d4*      100%        5
 Metabolic Englaciation   Hex/Ice        0%         N/A       100%        5
 Summon Forest            Summ/Tloc      0%         N/A       100%        5
 Summon Mana Viper        Hex/Summ       0%         N/A       100%        5
 Yara's Violent Unravell  Hex/Alch       0%         3d3       100%        5
 Conjure Ball Lightning   Conj/Air       0%         3x3d6     100%        6
 Eringya's Noxious Bog    Alch           0%         4d6       100%        6
 Plasma Beam              Fire/Air       0%         2x1d10    100%        6
 Starburst                Conj/Fire      0%         6d3       100%        6
 Summon Cactus Giant      Summ           0%         N/A       100%        6
 Enfeeble                 Hex            0%         N/A       100%        7
 Haunt                    Necr/Summ      0%         N/A       100%        7
 Malign Gateway           Summ/Tloc      0%         N/A       100%        7
 Orb of Destruction       Conj           0%         9d5       100%        7
 Borgnjor's Revivificati  Necr           0%         N/A       100%        8
 Discord                  Hex            0%         N/A       100%        8
 Infestation              Necr           0%         N/A       100%        8
 Maxwell's Capacitive Co  Air            0%         ∞         100%        8
 Summon Horrible Things   Summ           0%         N/A       100%        8
 Shatter                  Erth           0%         3d5*      100%        9
 Animate Dead             Necr           Unusable   N/A       N/A         4
 Death Channel            Necr           Unusable   N/A       N/A         6
 Sculpt Simulacrum        Ice/Alch       Unusable   N/A       N/A         6

Dungeon Overview and Level Annotations

Branches:
Dungeon (15/15)            Temple (1/1) D:5            Lair (5/5) D:8
  Swamp (4/4) Lair:3        Snake (4/4) Lair:3        Slime (0/5) Lair:4
    Orc (2/2) D:11            Elf (3/3) Orc:2        Vaults (5/5) D:13
  Crypt (3/3) Vaults:3       Tomb (0/3) Crypt:3      Depths (4/4) D:15
    Zot (5/5) Depths:4    Ossuary (visited)           IceCv (visited)
 WizLab (visited)         Gauntlet (visited)

Altars:
Ashenzari
Cheibriados
Dithmenos
Fedhas
Gozag
Hepliaklqana
Kikubaaqudgha
Makhleb
Nemelex Xobeh
Okawaru
Qazlal
Ru
Sif Muna
Trog
Uskayaw
Vehumet
Wu Jian
Xom
Yredelemnul
Jiyva

Shops:
D:3 *   D:4 (:   D:11 (   D:15 (   Orc:1 ***   Orc:2 =[((   Elf:2 (
Snake:1 :==   Snake:3 [   Vaults:1 [::*!   Vaults:2 ?

Portals:
Hell: Depths:1 Depths:2 Depths:3 Depths:4
Abyss: Depths:3 Depths:4
Pandemonium: Depths:2 Depths:3
Ziggurat: Depths:3

Annotations:
D:5 1 runed translucent door, BigPumpCobain's ghost, novice DrSh
Swamp:1 1 runed translucent door, bungle's ghost, journeyman DjCj
Snake:4 2 transporters, Vicweoh's ghost, adept GrFi
Elf:2 3 runed translucent doors
Depths:1 3 runed translucent doors, Weasch's ghost, master FoFi


Innate Abilities, Weirdness & Mutations

You frequently emit foul miasma when damaged in melee.
A meltable icy envelope protects you from harm. (AC +8)
You are extremely robust. (+30% HP)
When seriously injured, your blood forms very thick armour. (AC +0)
A meltable shield of frost defends you. (SH +4)
Your touch may irresistibly damage your foes and sap their willpower.
You are weak. (Str -2)


Message History

You climb upwards.
There is a stone staircase leading down here.
Things that are here:
a +0 leather armour; a +0 rapier
Aiming: Dig
Press: ? - help, Shift-Dir - straight line A rock wall.
This square is covered in magical glow.
The rock shatters into small pieces.
Things that are here:
a stone; a +0 dagger
There is a stone staircase leading up here.
You climb upwards.
A hell beast comes into view.
There is a stone staircase leading down here.
The hell beast barely misses you.
The hell beast tramples you but does no damage.
The hell beast bites you but does no damage.
The hell beast tramples you but does no damage.
You pummel the hell beast!! Your punch misses the hell beast.
The hell beast is moderately wounded.
You barely miss the hell beast. You punch the hell beast!
The hell beast is heavily wounded.
The hell beast bites you but does no damage.
The hell beast tramples you.
You stumble backwards!
You pound the hell beast into fine dust!!!
You touch the hell beast.
You kill the hell beast!
A black mist starts to gather...
There is an escape hatch in the ceiling here.
A mysterious force pulls you upwards. The hatch slams shut behind you.
Your mindless puppet stays behind to rot.
Aiming: Dig
Press: ? - help, Shift-Dir - straight line A rock wall.
This square is covered in magical glow.
The rock shatters into small pieces.
An Orb Guardian comes into view.
There is a staircase leading out of the dungeon here.
You have escaped!

.##...##..# #.# .....###>.#
#.# ........#.# ######.####
#...##.##.# #.........#
..........# #.####.##.#
######.############
#.#.....#.# # #.##.........#
#.##.#.#... # #.##...###...#
#.##.#....# # #..'...#.#.@.##
#.##.#....# # #.##...###....##
#.##.#..... #
#.##...X.....#.###.##.#...## #
###.#############.##.##.......
# #...# ##.#.##.......
####.### ##..#.......# .....#
##.###...... ###### #.#
#..##.. #.# #..####


You could see an Orb Guardian.

Vanquished Creatures
  An ancient lich (Zot:5)
  3 dread liches
  An orb of fire (Zot:3)
  Josephina (Crypt:2)
  Boris (Depths:4)
  Parghit (Zot:2)
  2 Killer Klowns
  6 caustic shrikes
  7 curse toes
  11 golden dragons
  2 bone dragons
  2 doom hounds (Zot:2)
  3 Tzitzimimeh
  A hellephant (Depths:4)
  Jorgrun (D:13)
  3 liches
  17 tentacled monstrosities
  A walking earthen tome (WizLab)
  Grunn (Zot:2)
  2 walking crystal tomes
  An Ice Fiend (Depths:4)
  Zenata (Crypt:1)
  15 Orb Guardians
  A deep elf master archer (Elf:3)
  A deep elf blademaster (Elf:3)
  3 titans (Vaults:5)
  2 tentacled starspawn (Abyss:3)
  5 quicksilver dragons
  6 ancient champions (Crypt:3)
  6 death cobs
  4 sphinxes
  Gastronok (Lair:2)
  Kirke (Swamp:1)
  3 nagarajas (Snake:4)
  15 storm dragons
  8 shadow dragons
  Donald (Vaults:3)
  A strange machine (WizLab)
  8 tengu reavers
  4 draconian monks
  Agnes (Elf:1)
  4 protean progenitors
  3 revenants
  7 draconian knights
  2 draconian shifters (Zot:4)
  3 deep elf sorcerers
  An iron dragon (Vaults:5)
  3 ghost moths
  4 fire giants
  5 deep elf elementalists (Elf:3)
  7 draconian scorchers
  12 frost giants
  15 vault wardens
  A juggernaut zombie (Crypt:2)
  3 ghouls (Crypt:2)
  A curse skull (Crypt:3)
  4 orc warlords
  2 reapers
  2 draconian stormcallers
  22 ironbound preservers
  19 very ugly things
  A spriggan defender (Depths:4)
  16 stone giants
  3 draconian annihilators (Zot:5)
  3 vampire knights
  2 formless jellyfish
  A putrid mouth (Zot:2)
  4 eleionomae
  5 ironbound thunderhulks
  9 deep elf demonologists
  10 yellow draconians
  15 white draconians
  A dire elephant (Vaults:1)
  A minotaur (Gauntlet)
  9 black draconians
  6 deep elf death magi
  4 deep elf annihilators (Elf:3)
  10 purple draconians
  5 green draconians
  6 spark wasps
  7 red draconians
  5 war gargoyles
  3 bunyips
  A green death (Abyss:3)
  Snorg (D:11)
  5 deep elf high priests
  4 eidola
  6 jiangshi
  13 ettins
  2 mummy priests (Crypt:3)
  An entropy weaver (Vaults:4)
  9 great orbs of eyes
  32 vault guards
  3 salamander tyrants
  A spriggan zombie (Abyss:3)
  4 fire dragons
  6 rakshasas
  A fenstrider witch zombie (Crypt:3)
  2 hell beasts
  20 hydras
  A peacekeeper (Vaults:2)
  6 ice dragons
  9 yaktaur captains
  8 alligators
  23 centaur warriors
  9 boulder beetles
  5 catoblepae
  3 spriggan air magi
  Erica (D:9)
  9 ironbound frosthearts
  3 ogre magi
  5 two-headed ogres
  7 deep troll shamans
  8 anacondas
  8 naga warriors
  4 deep troll earth magi
  2 Orb Guardian skeletons (Crypt:3)
  2 satyrs (Zot:2)
  5 death knights
  22 death yaks
  24 dancing weapons
  7 orc high priests
  3 spriggan berserkers
  A demonic crawler (Abyss:3)
  A tengu warrior (Depths:2)
  6 naga sharpshooters
  11 hell knights
  6 hell hogs (Depths:4)
  2 occultists (Gauntlet)
  6 shock serpents
  5 vampire magi
  A thrashing horror (Abyss:3)
  11 deep elf knights
  2 soul eaters
  6 skysharks
  7 iron trolls
  A storm dragon zombie (D:15)
  25 skeletal warriors
  7 salamander mystics
  2 shadow wraiths
  7 goliath frogs
  A sixfirhy (Depths:2)
  A wretched star (Abyss:3)
  Lodul (D:11)
  2 spriggan riders (Swamp:4)
  A death drake (Swamp:3)
  A shadow demon (Depths:3)
  A swamp dragon (shapeshifter) (Depths:3)
  A bunyip zombie (Crypt:3)
  56 deep trolls
  A spriggan druid (Swamp:1)
  12 bog bodies
  2 naga ritualists (Snake:4)
  10 swamp dragons
  5 flayed ghosts
  4 glowing orange brains
  A sea snake (Zot:4)
  14 deep elf archers
  17 ironbound convokers
  9 lindwurms
  4 phantasmal warriors
  6 arcanists
  A harpy (Vaults:1)
  Pikel (D:9)
  A mana viper (shapeshifter) (Elf:1)
  11 necromancers
  17 orc knights
  24 deep elf pyromancers
  7 orc sorcerers
  18 deep elf zephyrmancers
  A shadow dragon skeleton (Crypt:3)
  5 mana vipers
  8 cyclopes
  21 ugly things
  A goliath frog skeleton (Crypt:1)
  A stone giant zombie (Crypt:3)
  6 will-o-the-wisps
  6 manticores
  17 moths of wrath
  17 elephants
  19 salamanders
  A toenail golem (D:10)
  A moth of wrath (shapeshifter) (D:13)
  2 kobold blastminers
  A meliai (D:12)
  A stone giant skeleton (Crypt:3)
  24 black mambas
  An apocalypse crab (Abyss:3)
  15 vault sentinels
  An eleionoma skeleton (Crypt:1)
  10 cane toads
  2 ice statues (IceCv)
  A large abomination (Abyss:3)
  A hellion (Zot:4)
  6 guardian serpents
  8 naga magi
  2 gargoyles
  A yellow draconian zombie (Crypt:3)
  A purple draconian zombie (Crypt:1)
  2 unseen horrors
  4 rime drakes
  2 efreet
  4 freezing wraiths
  A kobold demonologist (D:13)
  13 yaktaurs
  An unseen horror (shapeshifter) (D:13)
  An unseen horror skeleton (Crypt:1)
  9 komodo dragons
  4 tengu conjurers
  A yellow draconian skeleton (Crypt:2)
  6 ice devils
  A green draconian zombie (Crypt:1)
  A merfolk (shapeshifter) (Vaults:5)
  A hellwing (D:8)
  8 starcursed masses
  A queen bee (shapeshifter) (D:13)
  A sea snake skeleton (Crypt:3)
  9 tyrant leeches
  11 trolls
  6 guardian mummies (Crypt:3)
  4 polar bears
  2 harpy zombies (Crypt:2)
  A sun moth zombie (Crypt:3)
  4 hornets
  6 blink frogs
  A guardian serpent zombie (Crypt:3)
  2 snapping turtles (Zot:3)
  2 glass eyes
  A snapping turtle (shapeshifter) (Depths:3)
  A glass eye (shapeshifter) (Vaults:5)
  7 dream sheep (Lair:5)
  A harpy skeleton (Crypt:3)
  A centaur simulacrum (Crypt:2)
  A meliai zombie (D:10)
  Sigmund (D:5)
  3 air elementals
  A culicivora (shapeshifter) (Vaults:5)
  A culicivora (Vaults:4)
  4 water elementals
  7 spriggans
  A shadow (D:13)
  48 slime creatures
  15 wraiths
  3 wyverns
  A vampire (D:11)
  2 fire elementals (Elf:3)
  3 hogs (Swamp:1)
  3 basilisks
  A dire elephant simulacrum (Crypt:3)
  45 yaks
  Eustachio (D:3)
  9 humans (D:13)
  3 steam dragons
  2 wargs
  2 redbacks (Vaults:4)
  A chaos spawn (Abyss:3)
  8 vampire mosquitoes
  13 water moccasins
  An entropy weaver zombie (Crypt:2)
  20 nagas
  11 swamp worms
  4 acid dragons
  A deep troll zombie (Crypt:3)
  A naga skeleton (Crypt:3)
  A water moccasin (shapeshifter) (Depths:1)
  A hornet zombie (Crypt:2)
  6 swamp drakes
  A cane toad skeleton (Crypt:2)
  19 orc warriors
  An ice beast (D:5)
  A black bear (shapeshifter) (D:13)
  2 sky beasts
  3 black bears
  A small abomination (Abyss:3)
  10 centaurs
  A boggart (Vaults:1)
  12 wolves
  A boggart (shapeshifter) (Vaults:5)
  6 ogres
  A manticore skeleton (Crypt:2)
  2 snapping turtle skeletons
  A hog skeleton (Crypt:1)
  A phantom (D:3)
  A brain worm (shapeshifter) (D:12)
  An elf zombie (Ossuary)
  A salamander zombie (Crypt:1)
  A kobold brigand (D:9)
  3 earth elementals
  3 scorpions
  8 bullfrogs
  4 necrophages
  A cane toad simulacrum (Lair:1)
  A two-headed ogre simulacrum (IceCv)
  A draconian skeleton (Crypt:1)
  A wight (D:10)
  A water moccasin skeleton (Crypt:3)
  A raiju zombie (Crypt:2)
  3 elephant simulacra
  10 killer bees
  An electric eel (Lair:2)
  4 howler monkeys
  A human zombie (D:10)
  2 hounds
  A bombardier beetle (D:5)
  10 centaur zombies
  A gnoll bouda (D:9)
  4 jellies
  Crazy Yiuf (D:4)
  17 orc priests
  5 iguanas
  12 human skeletons (Vaults:4)
  2 sleepcaps
  A troll simulacrum (IceCv)
  19 orc wizards
  A tengu zombie (Crypt:2)
  3 hound zombies (Ossuary)
  4 mummies
  8 gnolls
  8 adders
  2 ribbon worms
  8 shadow imps
  2 white imps
  10 ufetubi
  7 adder zombies
  A dart slug (D:2)
  69 orcs
  6 bats
  7 endoplasms
  4 giant cockroaches
  6 gnoll zombies (Ossuary)
  9 goblins
  9 hobgoblins
  10 jackals
  5 ball pythons
  2 frilled lizards
  A giant cockroach zombie (Crypt:2)
  5 jackal zombies (Ossuary)
  12 kobolds
  8 kobold zombies (Ossuary)
  5 orc zombies (Ossuary)
  14 rats
  2 aspiring fleshes
  9 butterflies (Vaults:2)
  3 starspawn tentacles (Abyss:3)
1974 creatures vanquished.

Vanquished Creatures (collateral kills)
  An orb of fire (Zot:5)
  4 Killer Klowns (Zot:5)
  Norris (Depths:2)
  A golden dragon (Zot:4)
  An electric golem (Zot:5)
  A doom hound (Zot:2)
  2 tentacled monstrosities
  8 Orb Guardians (Zot:5)
  2 liches (Depths:1)
  A walking divine tome (Depths:4)
  A walking frostbound tome (Depths:3)
  A deep elf master archer (Elf:3)
  4 storm dragons
  A shadow dragon (Zot:2)
  3 death cobs
  2 draconian monks (Zot:2)
  A nagaraja (Snake:4)
  A vault warden (Vaults:3)
  2 fire giants
  Louise (Swamp:2)
  A draconian scorcher (Zot:4)
  A draconian shifter (Zot:5)
  A ghoul (Swamp:3)
  A draconian annihilator (Zot:1)
  A reaper (IceCv)
  An ironbound preserver (Vaults:5)
  A very ugly thing (Vaults:5)
  2 green draconians (Zot:3)
  6 stone giants
  2 ironbound thunderhulks (Vaults:2)
  An eleionoma (Swamp:4)
  A deep elf death mage (Elf:3)
  A deep elf demonologist (Elf:3)
  5 purple draconians
  2 red draconians
  A yellow draconian (Zot:5)
  5 black draconians
  A spark wasp (Depths:2)
  A bunyip (Swamp:4)
  3 deep elf annihilators
  A jiangshi (Depths:3)
  A shambling mangrove (Swamp:2)
  A deep elf high priest (Elf:3)
  2 great orbs of eyes
  2 spriggan air magi
  3 centaur warriors
  2 vault guards (Vaults:5)
  6 hydras
  2 catoblepae (Lair:5)
  2 anacondas
  2 ice dragons
  An alligator (Swamp:3)
  4 death yaks
  2 boulder beetles
  2 hell hogs (Depths:4)
  2 vampire magi
  A deep troll shaman (Depths:1)
  A deep troll earth mage (Depths:4)
  2 naga warriors
  An orc high priest (Orc:2)
  2 spriggan berserkers
  A naga sharpshooter (Snake:4)
  A wretched star (Abyss:3)
  A hell knight (Depths:3)
  A skyshark (Depths:2)
  2 salamander mystics
  An iron troll (Depths:1)
  2 goliath frogs
  A flayed ghost (Depths:2)
  9 deep trolls
  A naga ritualist (Snake:1)
  A sea snake (Zot:4)
  A swamp dragon (Swamp:4)
  7 bog bodies
  2 deep elf archers
  A death drake (Abyss:3)
  3 lindwurms
  5 deep elf pyromancers
  6 mana vipers
  A lindwurm (shapeshifter) (Depths:3)
  2 deep elf zephyrmancers
  A necromancer (Vaults:5)
  4 salamanders
  2 elephants
  8 ironbound convokers
  A manticore (Lair:5)
  4 ugly things
  A will-o-the-wisp (Swamp:4)
  5 moths of wrath
  A guardian serpent (Snake:4)
  A naga mage (Snake:1)
  2 black mambas
  A smoke demon (Abyss:3)
  An orange demon (Abyss:3)
  A cane toad (Lair:5)
  4 vault sentinels
  3 yaktaurs
  A rime drake (Lair:5)
  An efreet (D:13)
  A large abomination (Abyss:3)
  2 komodo dragons
  An ice devil (IceCv)
  A tormentor (Zot:2)
  2 blink frogs
  2 glass eyes (Depths:2)
  3 hornets
  A spriggan zombie (D:15)
  5 slime creatures
  5 dream sheep (Lair:5)
  A wraith (D:12)
  3 spriggans
  17 yaks
  A basilisk (Lair:1)
  A ynoxinul (Abyss:3)
  8 humans (D:13)
  3 vampire mosquitoes
  4 swamp worms
  2 acid dragons
  7 nagas
  5 water moccasins
  An orc warrior (Vaults:5)
  A laughing skull (Abyss:3)
  3 swamp drakes
  2 ogres (D:11)
  A wolf (Lair:2)
  A centaur (D:13)
  A small abomination (Abyss:3)
  An orc priest (D:10)
  A starcursed mass (Abyss:3)
  An orc wizard (Orc:2)
  A wolf simulacrum (Lair:1)
  12 orcs
  7 butterflies (Vaults:2)
318 creatures vanquished.

Vanquished Creatures (others)
  A spectral Killer Klown (Zot:2)
  A revenant (Crypt:2)
  A draconian knight (Zot:1)
  5 spectral tentacled monstrosities
  A caustic shrike zombie (Depths:4)
  A very ugly thing (Depths:4)
  3 doom hound zombies (Zot:2)
  A troll zombie (Zot:2)
  A very ugly thing zombie (Vaults:5)
  A deep elf high priest (Vaults:5)
  3 quicksilver dragon zombies
  3 Orb Guardian zombies (Zot:5)
  3 sphinx zombies (Vaults:5)
  A centaur warrior (D:11)
  A deep troll earth mage (Vaults:5)
  A hellephant zombie (Depths:4)
  A hell knight (Vaults:5)
  A spectral sixfirhy (Depths:2)
  A fire crab (shapeshifter) (Depths:4)
  A spark wasp zombie (Depths:2)
  3 golden dragon zombies
  A swamp dragon (Swamp:4)
  A shadow dragon zombie (Zot:3)
  A fenstrider witch simulacrum (Crypt:2)
  An ugly thing zombie (D:13)
  A spectral green death (Abyss:3)
  A lindwurm (Vaults:1)
  An alligator zombie (Swamp:4)
  3 draconian zombies
  2 stone giant zombies (Vaults:5)
  3 frost giant zombies
  3 hell hog zombies (Depths:4)
  A formless jellyfish zombie (Vaults:4)
  A kobold blastminer (Orc:2)
  13 centaur zombies
  A shock serpent zombie (Snake:4)
  4 spectral rakshasas
  3 white draconian zombies
  2 black draconian zombies
  A death yak zombie (Lair:5)
  An unseen horror zombie (D:11)
  2 purple draconian zombies
  3 red draconian zombies
  An iron troll zombie (Depths:4)
  2 swamp worm zombies
  A green draconian zombie (Zot:1)
  A freezing wraith (D:11)
  A harpy zombie (Vaults:1)
  A demonic crawler zombie (Abyss:3)
  2 shadow dragon simulacra (Crypt:2)
  2 bloated husks (Swamp:1)
  2 great orb of eyes zombies
  4 moth of wrath zombies
  3 hydra zombies
  A satyr zombie (Zot:2)
  3 guardian serpent zombies
  A boulder beetle zombie (Vaults:2)
  3 ice dragon zombies
  A draconian simulacrum (Crypt:2)
  8 black mamba zombies
  A water elemental (Elf:1)
  9 slime creature zombies
  A basilisk (D:13)
  A fire elemental (Elf:1)
  2 tyrant leech zombies
  A spectral tormentor (Zot:2)
  11 deep troll zombies
  2 skyshark zombies (Depths:2)
  36 human zombies
  2 cane toad zombies
  A spectral efreet (Abyss:3)
  4 hornet zombies
  A manticore zombie (D:11)
  2 snapping turtle zombies (Zot:3)
  2 dream sheep zombies (Lair:5)
  29 elf zombies
  An elephant zombie (Lair:2)
  3 swamp dragon zombies
  2 blink frog zombies (Lair:2)
  3 lindwurm zombies
  3 vampire mosquito zombies
  A rime drake zombie (Lair:5)
  4 komodo dragon zombies
  4 yaktaur zombies
  4 salamander zombies (Depths:3)
  A wyvern zombie (Lair:3)
  2 cyclops zombies
  3 water moccasin zombies
  A polar bear zombie (Lair:3)
  3 spriggan zombies
  10 yak zombies
  4 wolf zombies
  A kobold zombie (D:13)
  An orc wizard (D:10)
  7 ogre zombies
  2 acid dragon zombies (D:13)
  6 naga zombies
  A howler monkey zombie (D:13)
  4 swamp drake zombies
  An orc (Orc:2)
  29 orc zombies
  A spectral ufetubus (IceCv)
  21 foxfires
  5 starspawn tentacles (Abyss:3)
355 creatures vanquished.

Grand Total: 2647 creatures vanquished

Notes
Turn   | Place    | Note
-------+----------+-------------------------------------------
     0 | D:1      | grandjackal the Demonspawn Gladiator began the quest for
                  | the Orb.
     0 | D:1      | Reached XP level 1. HP: 16/16 MP: 1/1
   160 | D:1      | Gained mutation: Your touch may inflict minor irresistible
                  | damage on your foes. [demonic ancestry]
   160 | D:1      | Reached XP level 2. HP: 22/22 MP: 2/2
   839 | D:2      | Reached skill level 1 in Unarmed Combat
   839 | D:2      | Reached XP level 3. HP: 26/28 MP: 3/3
  1288 | D:2      | Reached XP level 4. HP: 35/35 MP: 4/4
  1599 | D:3      | Found Gaerea's Assorted Antiques.
  1742 | D:3      | Noticed a phantom
  1747 | D:3      | Identified the +0 robe "Anweutot" {rF+ rC+ Str-4}
  1753 | D:3      | Killed a phantom
  1754 | D:3      | Gained mutation: Your touch may inflict irresistible damage
                  | on your foes. [demonic ancestry]
  1754 | D:3      | Reached XP level 5. HP: 18/42 MP: 5/5
  2455 | D:4      | Noticed a steam dragon
  2475 | D:5      | Entered Level 5 of the Dungeon
  2610 | D:4      | Killed a steam dragon
  2611 | D:4      | Reached XP level 6. HP: 15/50 MP: 6/6
  2967 | D:4      | Noticed Eustachio
  3036 | D:3      | Killed Eustachio
  3037 | D:3      | Reached skill level 5 in Fighting
  3037 | D:3      | Gained mutation: You may rarely emit foul miasma when
                  | damaged in melee. [demonic ancestry]
  3037 | D:3      | Reached XP level 7. HP: 4/56 MP: 7/7
  3360 | D:4      | Found Ykhlotet's Self-Published Books.
  3402 | D:4      | Found Toteinof's Weapon Shop.
  3709 | D:4      | Found a runed translucent door.
  3710 | D:4      | Noticed Crazy Yiuf
  3721 | D:4      | Killed Crazy Yiuf
  4025 | D:5      | Found a staircase to the Ecumenical Temple.
  4036 | Temple   | Entered the Ecumenical Temple
  4325 | D:5      | Reached skill level 5 in Unarmed Combat
  4416 | D:5      | Found a runed translucent door.
  4416 | D:5      | Noticed BigPumpCobain's ghost (novice DrSh)
  4471 | D:5      | Noticed Sigmund
  4487 | D:5      | Killed Sigmund
  4647 | D:5      | Gained mutation: When seriously injured, your blood forms
                  | armour. (AC +0) [demonic ancestry]
  4647 | D:5      | Reached XP level 8. HP: 63/65 MP: 8/8
  5298 | D:6      | Found a radiant altar of Vehumet.
  5298 | D:6      | Found a hide-covered altar of Uskayaw.
  5299 | D:6      | Found a bloodstained altar of Trog.
  5786 | D:6      | Identified the +6 quarterstaff "Olappama" {antimagic, rElec
                  | rPois rN+ Dex+3}
  6117 | D:3      | Bought an ichor-stained ring mail for 198 gold pieces
  6117 | D:3      | Identified the +5 ring mail of Tiga {rCorr Str+3 Dex+4}
                  | (You bought it in a shop on level 3 of the Dungeon)
  6480 | D:7      | Gained mutation: A meltable shield of frost defends you.
                  | (SH +4) [demonic ancestry]
  6480 | D:7      | Reached XP level 9. HP: 75/75 MP: 9/9
  6569 | D:7      | Found a sparkling altar of Nemelex Xobeh.
  6890 | D:8      | Noticed an elephant
  6890 | D:8      | Found a staircase to the Lair.
  6937 | D:8      | Noticed Psyche
  6941 | D:8      | Psyche changed into Psyche the ribbon worm
  6941 | D:8      | Noticed Psyche
  6949 | D:8      | Killed Psyche the ribbon worm
  7081 | D:8      | Killed an elephant
  7213 | D:8      | Found an ancient bone altar of Kikubaaqudgha.
  7296 | D:8      | Found a sand-covered staircase.
  7300 | Ossuary  | Entered an ossuary
  7362 | Ossuary  | Reached skill level 10 in Fighting
  7616 | D:8      | Found a snail-covered altar of Cheibriados.
  7795 | D:8      | Reached XP level 10. HP: 58/86 MP: 10/10
  8335 | D:9      | Noticed Pikel
  8345 | D:9      | Killed Pikel
  8407 | D:9      | Reached skill level 10 in Unarmed Combat
  8641 | D:9      | Noticed Erica
  8664 | D:9      | Killed Erica
  9071 | D:10     | Entered Level 10 of the Dungeon
  9296 | D:10     | Found a stormy altar of Qazlal.
  9312 | D:10     | Found a blossoming altar of Fedhas.
  9422 | D:10     | Found a basalt altar of Yredelemnul.
  9430 | D:10     | Became a worshipper of Yredelemnul the Dark
  9438 | D:10     | Reached skill level 1 in Invocations
  9438 | D:10     | Gained mutation: A meltable icy envelope protects you from
                  | harm. (AC +8) [demonic ancestry]
  9438 | D:10     | Reached XP level 11. HP: 92/95 MP: 11/11
  9667 | D:10     | Found an iron altar of Okawaru.
  9842 | D:10     | Found an opulent altar of Gozag.
  9865 | D:10     | Found a burning altar of Makhleb.
  9927 | D:10     | Reached * piety under Yredelemnul
  9936 | D:10     | Reached ** piety under Yredelemnul
 10067 | D:10     | Reached *** piety under Yredelemnul
 10309 | D:10     | Identified the +2 robe of the Comet {Str+3}
 10376 | D:11     | Noticed a cyan ugly thing
 10383 | D:11     | Killed a cyan ugly thing
 10427 | D:11     | Noticed a red ugly thing
 10437 | D:11     | Killed a red ugly thing
 10438 | D:11     | Reached skill level 5 in Invocations
 10513 | D:11     | Found a staircase to the Orcish Mines.
 10589 | D:11     | Reached **** piety under Yredelemnul
 10601 | D:11     | Reached ***** piety under Yredelemnul
 10648 | D:11     | Noticed a boulder beetle
 10663 | D:11     | Killed a boulder beetle
 10730 | D:11     | Noticed a skeletal warrior
 10739 | D:11     | Killed a skeletal warrior
 10778 | D:11     | Noticed a centaur warrior
 10778 | D:11     | Noticed a four-headed hydra
 10778 | D:11     | Noticed Lodul
 10779 | D:11     | Noticed a centaur warrior
 10788 | D:11     | Killed a four-headed hydra
 10794 | D:11     | Killed a centaur warrior
 10794 | D:11     | Killed Lodul
 10795 | D:11     | Gained mutation: When seriously injured, your blood forms
                  | thick armour. (AC +0) [demonic ancestry]
 10795 | D:11     | Reached XP level 12. HP: 105/105 MP: 5/17
 10802 | D:11     | Your ally Lodul died
 10807 | D:11     | Killed a centaur warrior
 10909 | D:11     | Found Pugull's Antique Weapon Boutique.
 10927 | D:11     | Noticed a two-headed ogre
 10937 | D:11     | Killed a two-headed ogre
 11087 | D:11     | Noticed Snorg
 11087 | D:11     | Noticed a centaur warrior
 11103 | D:11     | HP: 4/106 [Snorg (11)]
 11111 | D:11     | Killed Snorg
 11115 | D:11     | HP: 4/106 [centaur warrior (3)]
 11117 | D:11     | Killed a centaur warrior
 11621 | D:11     | You fall into a shaft and drop 2 floors!
 11633 | D:13     | Noticed a catoblepas
 11633 | D:13     | Noticed a centaur warrior
 11957 | D:11     | Found a portal to a secret trove of treasure.
 12367 | D:12     | Noticed a boulder beetle
 12397 | D:12     | Killed a boulder beetle
 12826 | D:11     | Reached skill level 10 in Invocations
 13776 | D:12     | Noticed an ogre mage
 13786 | D:12     | Killed an ogre mage
 13977 | D:12     | Reached XP level 13. HP: 82/114 MP: 21/21
 14945 | Lair:1   | Entered Level 1 of the Lair of Beasts
 14946 | Lair:1   | Identified a scroll of acquirement
 14946 | Lair:1   | Acquired 1074 gold pieces
 15103 | Lair:1   | Found a frozen archway.
 15213 | IceCv    | Entered an ice cave
 15365 | IceCv    | Reached skill level 15 in Fighting
 15673 | IceCv    | Noticed a reaper
 15677 | IceCv    | Killed a reaper
 15684 | IceCv    | Got the Vademecum on Refrigeration
 15904 | Lair:1   | Found an ornate altar of the Wu Jian Council.
 15906 | Lair:1   | Found a hide-covered altar of Uskayaw.
 17063 | Lair:2   | Noticed Gastronok
 17083 | Lair:2   | Killed Gastronok
 17256 | Lair:2   | Reached ****** piety under Yredelemnul
 17272 | Lair:2   | Gained mutation: You sometimes emit foul miasma when
                  | damaged in melee. [demonic ancestry]
 17272 | Lair:2   | Reached XP level 14. HP: 63/124 MP: 24/24
 18102 | Lair:3   | Found a staircase to the Swamp.
 18642 | Lair:3   | Found a shimmering blue altar of Sif Muna.
 18859 | Lair:3   | Found a staircase to the Snake Pit.
 19491 | Lair:4   | Reached skill level 15 in Unarmed Combat
 19509 | Lair:4   | Reached skill level 15 in Invocations
 19887 | Lair:4   | Found a viscous altar of Jiyva.
 19889 | Lair:4   | Found a staircase to the Slime Pits.
 20016 | Lair:5   | Entered Level 5 of the Lair of Beasts
 20628 | Lair:5   | Reached XP level 15. HP: 36/134 MP: 16/26
 22087 | Lair:5   | Identified the staff of the Invisible Demons {rPois rN+
                  | Alchemy}
 22475 | Orc:1    | Entered Level 1 of the Orcish Mines
 22538 | Orc:1    | You fall into a shaft and drop 1 floor!
 22538 | Orc:2    | Entered Level 2 of the Orcish Mines
 22917 | Orc:2    | Found a staircase to the Elven Halls.
 23145 | Orc:2    | Paralysed by an orc sorcerer for 2 turns
 23170 | Orc:2    | Found Gimorpha's Antique Weapon Shop.
 23170 | Orc:2    | Found Radghee's Jewellery Emporium.
 23331 | Orc:2    | Found Omehut's Antique Armour Emporium.
 23331 | Orc:2    | Found Louth's Weapon Shop.
 23957 | Orc:1    | Found Hukheqeuh's Specific Store.
 23958 | Orc:1    | Found Lutixen's General Store.
 23997 | Orc:1    | Bought a scroll of blinking for 135 gold pieces
 23997 | Orc:1    | Bought a potion of heal wounds for 90 gold pieces
 23997 | Orc:1    | Bought a potion of curing for 54 gold pieces
 23997 | Orc:1    | Bought a scroll of teleportation for 54 gold pieces
 24000 | Orc:1    | Found Kautocra's General Store.
 24025 | Orc:1    | Bought a potion of heal wounds for 85 gold pieces
 24025 | Orc:1    | Bought a potion of cancellation for 136 gold pieces
 25210 | D:13     | Identified the amulet "Fautuq" {^Drain rF++ Will+ Regen+}
 25930 | D:12     | HP: 1/136 [death knight/+0 great mace (16)]
 26057 | D:12     | Reached XP level 16. HP: 103/143 MP: 28/28
 26104 | D:13     | Reached skill level 1 in Armour
 26144 | D:13     | Noticed Jorgrun
 26165 | D:13     | Killed Jorgrun
 26171 | D:13     | Identified the +8 spear of Popular Demand {heavy, rElec rF+
                  | rC- Str+6}
 26243 | D:13     | Identified the +7 mace of the Breathing Gods {drain, rPois
                  | rF+}
 26587 | D:13     | Found a gate to the Vaults.
 26764 | D:13     | Identified the +2 robe of the Iron Devil {Dex+2}
 27816 | D:15     | Entered Level 15 of the Dungeon
 27931 | D:15     | Found a gate leading to a gauntlet.
 27940 | Gauntlet | Entered a Gauntlet
 27940 | Gauntlet | Found a transporter.
 27940 | Gauntlet | Found a transporter.
 27950 | Gauntlet | Found a transporter.
 27954 | Gauntlet | Found a transporter.
 27968 | Gauntlet | Found a transporter.
 27969 | Gauntlet | Found a transporter.
 27985 | Gauntlet | Found a transporter.
 27996 | Gauntlet | Found a transporter.
 28010 | Gauntlet | Found a transporter.
 28014 | Gauntlet | Found a transporter.
 28022 | Gauntlet | Found a transporter.
 28026 | Gauntlet | Found a transporter.
 28187 | Gauntlet | Identified the ring "Wauf Pust" {rPois EV+5}
 28249 | Gauntlet | Identified the +4 arbalest of Cheibriados's Envy {heavy,
                  | ^Drain rF+ rN++ Dex-3}
 28249 | Gauntlet | Identified the +7 shortbow "Lenwiw" {freeze, rElec Will-
                  | rCorr Str+5}
 28530 | D:15     | Found a transporter.
 28639 | D:15     | Found a staircase to the Depths.
 28723 | D:15     | Found Jedant's Antique Weapon Shop.
 29216 | Snake:1  | Entered Level 1 of the Snake Pit
 29301 | Snake:1  | Reached skill level 5 in Armour
 29934 | Snake:1  | Reached XP level 17. HP: 103/153 MP: 18/30
 30063 | Snake:1  | Found Hauqiysku's Jewellery Shoppe.
 30064 | Snake:1  | Found Weomohu's Book Boutique.
 30065 | Snake:1  | Found Weestrel's Jewellery Shoppe.
 30071 | Snake:1  | Bought the ring "Nootuth" {rF+ rN+} for 434 gold pieces
 32500 | Snake:3  | Found Paqoaph's Antique Armour Shop.
 32575 | Snake:3  | Bought a glowing helmet for 270 gold pieces
 32752 | Snake:4  | Entered Level 4 of the Snake Pit
 32843 | Snake:4  | Found a transporter.
 32893 | Snake:4  | Found a bloodstained altar of Trog.
 32894 | Snake:4  | Noticed Vicweoh's ghost (adept GrFi)
 32994 | Snake:4  | Found a transporter.
 34171 | Snake:4  | Identified the +0 robe of Dithmenos {Rampage Str+6 Int-2
                  | SInv}
 34308 | Snake:4  | Got a serpentine rune of Zot
 34614 | Swamp:1  | Entered Level 1 of the Swamp
 34684 | Swamp:1  | You fall into a shaft and drop 1 floor!
 34759 | Swamp:1  | HP: 6/155 [acid (8)]
 34863 | Swamp:1  | Gained mutation: When seriously injured, your blood forms
                  | very thick armour. (AC +0) [demonic ancestry]
 34863 | Swamp:1  | Reached XP level 18. HP: 106/162 MP: 32/32
 34895 | Swamp:1  | Found a runed translucent door.
 34896 | Swamp:1  | Noticed bungle's ghost (journeyman DjCj)
 34940 | Swamp:1  | Identified the +6 scale mail "Oveoh" {Rampage *Corrode
                  | Regen+ Stlth+}
 35077 | Swamp:1  | Noticed Kirke
 35085 | Swamp:1  | Killed Kirke
 35377 | Swamp:2  | Noticed Louise
 35417 | Swamp:2  | Killed Louise
 35642 | Swamp:2  | Noticed Mlioglotl
 35661 | Swamp:2  | Killed Mlioglotl
 35661 | Swamp:2  | Charmed Mlioglotl
 36274 | Swamp:3  | Found an ancient bone altar of Kikubaaqudgha.
 36588 | Swamp:4  | Entered Level 4 of the Swamp
 36876 | Swamp:4  | Noticed the 27-headed Lernaean hydra
 36884 | Swamp:4  | Killed the 27-headed Lernaean hydra
 36884 | Swamp:4  | Charmed the 27-headed Lernaean hydra
 36974 | Swamp:4  | Got a decaying rune of Zot
 37060 | Swamp:4  | HP: 7/164 [bunyip (23)]
 37241 | Swamp:4  | Got the Tractate on Polar Shadows
 37741 | Elf:1    | Entered Level 1 of the Elven Halls
 38169 | Elf:1    | Noticed Agnes
 38185 | Elf:1    | Killed Agnes
 38424 | Elf:1    | Reached XP level 19. HP: 170/170 MP: 33/33
 38735 | Abyss:3  | Cast into level 3 of the Abyss (+2 scimitar of distortion)
 38776 | Abyss:3  | Reached skill level 10 in Armour
 39028 | Elf:1    | Escaped the Abyss
 39173 | Elf:1    | Paralysed by an air elemental for 1 turns
 39179 | Elf:1    | Paralysed by an air elemental for 1 turns
 39364 | Elf:2    | Found Noditzeh's Weapon Boutique.
 39433 | Elf:2    | Found a shimmering blue altar of Sif Muna.
 39738 | Elf:2    | Identified the +0 ring mail of Tulips {rN++ Stlth-}
 39793 | Elf:2    | Identified the ring "Cawkunt" {+Blink Fly Stlth+}
 40000 | Elf:2    | Found a runed translucent gate.
 40001 | Elf:2    | Found a runed translucent gate.
 40001 | Elf:2    | Found a runed translucent gate.
 40236 | Elf:1    | Got Sif Muna's Cyclopedia of Toxicology
 40426 | Elf:3    | Entered Level 3 of the Elven Halls
 40832 | Elf:3    | Paralysed by an air elemental for 1 turns
 40838 | Elf:3    | Paralysed by an air elemental for 1 turns
 41143 | Elf:3    | Paralysed by an air elemental for 1 turns
 41434 | Elf:3    | Noticed a Brimstone Fiend
 41494 | Elf:3    | Identified the +0 ring mail of Ruquegam {rElec rPois MP-9
                  | Int+2}
 41500 | Abyss:3  | Found a corrupted altar of Lugonu.
 41500 | Abyss:3  | Cast into level 3 of the Abyss (deep elf high priest)
 41554 | Elf:3    | Escaped the Abyss
 41652 | Elf:3    | Identified the +9 broad axe "Cacwufog" {drain, rN+ Will-
                  | rCorr Int+5}
 41652 | Elf:3    | Identified the ring of Rayrchaw {Ice Str+2}
 42183 | Elf:3    | Identified the +4 rapier "Peusilant" {freeze, Str+3}
 42212 | Elf:3    | Identified the +2 falchion of Gin and Tonic {speed,
                  | ^Fragile rElec rC+ rN+}
 42234 | Elf:3    | Gained mutation: You are robust. (+10% HP) [demonic
                  | ancestry]
 42234 | Elf:3    | Reached XP level 20. HP: 55/196 MP: 29/35
 42378 | Elf:3    | Got The Deep Writings of the Sage
 42391 | Elf:3    | Identified the staff "Doliebb" {*Slow rPois rF+ rCorr Int-2
                  | Fire}
 42807 | Vaults:1 | Entered Level 1 of the Vaults
 42824 | Vaults:1 | Found Ukkum's Assorted Antiques.
 42840 | Vaults:1 | Bought a scroll of fog for 108 gold pieces
 42844 | Vaults:1 | Found Ruvvos's Book Shoppe.
 42959 | Vaults:1 | You fall into a shaft and drop 1 floor!
 43403 | Vaults:1 | Found Wuisiner's Armour Shoppe.
 43803 | Vaults:1 | Found Detsifyth's Book Boutique.
 44238 | Vaults:1 | Found Noecut's Distillery.
 44269 | Vaults:1 | Bought a potion of curing for 48 gold pieces
 44269 | Vaults:1 | Bought a potion of heal wounds for 80 gold pieces
 44269 | Vaults:1 | Bought 2 potions of haste for 320 gold pieces
 44269 | Vaults:1 | Bought 3 potions of heal wounds for 240 gold pieces
 45395 | Vaults:2 | Found Pyboid's Magic Scroll Boutique.
 45442 | Vaults:2 | Bought a scroll of teleportation for 57 gold pieces
 45442 | Vaults:2 | Bought a scroll of blinking for 142 gold pieces
 45442 | Vaults:2 | Bought a scroll of teleportation for 57 gold pieces
 45442 | Vaults:2 | Bought a scroll of fog for 76 gold pieces
 45442 | Vaults:2 | Bought a scroll of blinking for 142 gold pieces
 45442 | Vaults:2 | Bought a scroll of enchant armour for 142 gold pieces
 45635 | Vaults:2 | Found a huge runed gate.
 45636 | Vaults:2 | Found a huge runed gate.
 45636 | Vaults:2 | Found a huge runed gate.
 45636 | Vaults:2 | Found a huge runed gate.
 45637 | Vaults:2 | Found a huge runed gate.
 45637 | Vaults:2 | Found a huge runed gate.
 45637 | Vaults:2 | Found a huge runed gate.
 45638 | Vaults:2 | Found a huge runed gate.
 45638 | Vaults:2 | Found a huge runed gate.
 45638 | Vaults:2 | Found a huge runed gate.
 45642 | Vaults:2 | Found a huge runed gate.
 45642 | Vaults:2 | Found a huge runed gate.
 45642 | Vaults:2 | Found a huge runed gate.
 45642 | Vaults:2 | Found a huge runed gate.
 45642 | Vaults:2 | Found a huge runed gate.
 45642 | Vaults:2 | Found a huge runed gate.
 45643 | Vaults:2 | Found a huge runed gate.
 45644 | Vaults:2 | Found a huge runed gate.
 45645 | Vaults:2 | Found a huge runed gate.
 45653 | Vaults:2 | Found a huge runed gate.
 45653 | Vaults:2 | Found a huge runed gate.
 45653 | Vaults:2 | Found a huge runed gate.
 45653 | Vaults:2 | Found a huge runed gate.
 45653 | Vaults:2 | Found a huge runed gate.
 45653 | Vaults:2 | Found a huge runed gate.
 45654 | Vaults:2 | Found a huge runed gate.
 45655 | Vaults:2 | Found a huge runed gate.
 45656 | Vaults:2 | Found a huge runed gate.
 45664 | Vaults:2 | Found a huge runed gate.
 45664 | Vaults:2 | Found a huge runed gate.
 45664 | Vaults:2 | Found a huge runed gate.
 45664 | Vaults:2 | Found a huge runed gate.
 45664 | Vaults:2 | Found a huge runed gate.
 45664 | Vaults:2 | Found a huge runed gate.
 45665 | Vaults:2 | Found a huge runed gate.
 45666 | Vaults:2 | Found a huge runed gate.
 46069 | Vaults:3 | Gained mutation: Your touch may irresistibly damage your
                  | foes and sap their willpower. [demonic ancestry]
 46069 | Vaults:3 | Reached XP level 21. HP: 184/207 MP: 37/37
 46233 | Vaults:3 | Paralysed by a formless jellyfish for 1 turns
 46421 | Vaults:3 | Found a staircase to the Crypt.
 46848 | Vaults:3 | Noticed Donald
 46870 | Vaults:3 | Killed Donald
 47496 | Vaults:4 | Found a magical portal.
 47505 | WizLab   | Entered Tukima's Studio
 47919 | WizLab   | Noticed grandjackal's illusion
 47981 | WizLab   | Identified the +0 hat "Saoticw" {rPois rC- Regen+ Str+8}
 47995 | WizLab   | Got Xiedd's Textbook on the Oath
 49629 | Depths:1 | Entered Level 1 of the Depths
 49803 | Crypt:1  | Entered Level 1 of the Crypt
 50021 | Crypt:1  | Noticed Zenata
 50038 | Crypt:1  | Killed Zenata
 50356 | Crypt:2  | Identified the ring "Qaugy" {Ice Will+}
 50356 | Crypt:2  | Noticed Josephina
 50502 | Crypt:2  | Killed Josephina
 51530 | Crypt:2  | Gained mutation: A meltable icy envelope protects you from
                  | harm. (AC +8) [demonic ancestry]
 51530 | Crypt:2  | Reached XP level 22. HP: 186/217 MP: 38/38
 51618 | Crypt:3  | Entered Level 3 of the Crypt
 52811 | Crypt:3  | Found a basalt altar of Yredelemnul.
 52822 | Crypt:3  | Noticed a dread lich
 52837 | Crypt:3  | Killed a dread lich
 52883 | Crypt:3  | Found an ancient bone altar of Kikubaaqudgha.
 53000 | Crypt:3  | Found a staircase to the Tomb.
 53764 | D:11     | You paid a toll of a +6 demon whip to enter a treasure
                  | trove
 53765 | Trove    | Entered a treasure trove
 53770 | Trove    | Found the +27 heavy crossbow "Sniper" {heavy, Acc+∞ SInv}
 53785 | Trove    | Identified the +1 great sword "Qetocaex" {elec, rElec
                  | Str+4}
 53793 | Trove    | Identified the orb of Tewupab {*Rage, rF+}
 53796 | Trove    | Identified the ring "Amues" {rF++ rC+}
 53798 | Trove    | Identified the +9 battleaxe "Ymioz" {antimagic, rElec rC-
                  | Str+3 Stlth+}
 53799 | Trove    | Identified the ring of Jawin {rC+ Str+4}
 54108 | Depths:1 | Found a gateway to Hell.
 54314 | Depths:1 | Found a shimmering blue altar of Sif Muna.
 55111 | Depths:1 | Noticed a golden dragon
 55120 | Depths:1 | Killed a golden dragon
 55196 | Depths:1 | Reached skill level 15 in Armour
 55232 | Depths:1 | Identified the staff of Eternity {rElec Dex+5 Air}
 55311 | Depths:1 | Found a runed translucent gate.
 55311 | Depths:1 | Found a runed translucent gate.
 55311 | Depths:1 | Noticed Weasch's ghost (master FoFi)
 55312 | Depths:1 | Found a runed translucent gate.
 55425 | Depths:2 | Found a one-way gate leading to the halls of Pandemonium.
 55451 | Depths:2 | Noticed Norris
 55473 | Depths:2 | Killed Norris
 55744 | Depths:2 | Identified the +2 great sword of Juthram {drain, Will-
                  | Int+3 Stlth+}
 56436 | Depths:3 | Gained mutation: You frequently emit foul miasma when
                  | damaged in melee. [demonic ancestry]
 56436 | Depths:3 | Reached XP level 23. HP: 147/228 MP: 40/40
 56525 | Depths:3 | HP: 5/228 [spriggan air mage/the air (23)]
 56949 | Depths:3 | Found a one-way gateway to a ziggurat.
 56994 | Depths:3 | Found a sparkling altar of Nemelex Xobeh.
 57084 | Depths:3 | Noticed a caustic shrike
 57098 | Depths:3 | Killed a caustic shrike
 57161 | Depths:3 | Found a one-way gate to the infinite horrors of the Abyss.
 57795 | Depths:4 | Entered Level 4 of the Depths
 58210 | Depths:4 | Reached skill level 27 in Invocations
 58341 | Depths:4 | Noticed a caustic shrike
 58350 | Depths:4 | Killed a caustic shrike
 58383 | Depths:4 | Noticed a caustic shrike
 58384 | Depths:4 | Noticed a caustic shrike
 58385 | Depths:4 | Noticed a caustic shrike
 58395 | Depths:4 | Killed a caustic shrike
 58401 | Depths:4 | Killed a caustic shrike
 58405 | Depths:4 | Killed a caustic shrike
 58421 | Depths:4 | Noticed Boris
 58536 | Depths:4 | Killed Boris
 58651 | Depths:4 | Noticed a caustic shrike
 58655 | Depths:4 | Killed a caustic shrike
 58877 | Depths:4 | Found a gate to the Realm of Zot.
 59514 | Vaults:5 | Entered Level 5 of the Vaults
 59631 | Vaults:5 | Reached skill level 5 in Dodging
 59654 | Vaults:5 | Reached XP level 24. HP: 190/239 MP: 40/40
 60006 | Vaults:5 | Noticed a dread lich
 60016 | Vaults:5 | Paralysed by a dread lich for 3 turns
 60021 | Vaults:5 | Killed a dread lich
 60354 | Vaults:5 | Got a silver rune of Zot
 60406 | Vaults:5 | Identified the +5 orcbow of Gehenna {elec, Int+3 Stlth+}
 60757 | Vaults:5 | Identified the +2 halberd of Zadecod {heavy, Will+}
 61134 | Vaults:5 | Identified the +10 spear of Julej {freeze, rF+ rCorr Int+2
                  | Dex+3}
 62394 | Zot:1    | Entered Level 1 of the Realm of Zot
 62448 | Zot:1    | HP: 10/243 [purple draconian/bolt of dispelling energy
                  | (15)]
 62843 | Zot:1    | Noticed a Killer Klown
 62890 | Zot:1    | Killed a Killer Klown
 62890 | Zot:1    | Charmed a Killer Klown
 62906 | Zot:1    | Gained mutation: You are very robust. (+20% HP) [demonic
                  | ancestry]
 62906 | Zot:1    | Reached XP level 25. HP: 134/273 MP: 40/40
 63143 | Zot:1    | Noticed a Killer Klown
 63154 | Zot:1    | Killed a Killer Klown
 63802 | Zot:2    | Noticed Parghit
 63815 | Zot:2    | Killed Parghit
 64103 | Zot:2    | Noticed a Killer Klown
 64119 | Zot:2    | Killed a Killer Klown
 64119 | Zot:2    | Charmed a Killer Klown
 64749 | Zot:2    | Your ally Parghit died
 64753 | Zot:2    | Noticed Grunn
 64761 | Zot:2    | Killed Grunn
 64768 | Zot:2    | HP: 10/273 [doom hound[Grunn] (24)]
 65292 | Zot:3    | Noticed an orb of fire
 65292 | Zot:3    | Gained mutation: You are weak. (Str -2) [an orb of fire]
 65317 | Zot:3    | Killed an orb of fire
 65707 | Zot:3    | Reached skill level 10 in Dodging
 66653 | Zot:4    | Reached XP level 26. HP: 285/285 MP: 40/40
 66654 | Zot:4    | Gained mutation: You are extremely robust. (+30% HP)
                  | [demonic ancestry]
 66654 | Zot:4    | Reached XP level 27. HP: 285/318 MP: 40/40
 66764 | Zot:4    | HP: 10/318 [black draconian knight/bolt of lightning (36)]
 67422 | Zot:4    | Identified the +1 robe of Wisdom {Int+2}
 68152 | Zot:5    | Entered Level 5 of the Realm of Zot
 68152 | Zot:5    | Found the +4 dragonskin cloak
 68152 | Zot:5    | Noticed Tiamat
 68571 | Zot:5    | Killed Tiamat
 68571 | Zot:5    | Charmed Tiamat
 68872 | Zot:5    | Noticed an ancient lich
 68878 | Zot:5    | Killed an ancient lich
 68889 | Zot:5    | Noticed a dread lich
 68922 | Zot:5    | Killed a dread lich
 68988 | Zot:5    | Noticed an orb of fire
 68998 | Zot:5    | Killed an orb of fire
 69181 | Zot:5    | Reached skill level 27 in Fighting
 69210 | Zot:5    | Got the Orb of Zot
 69348 | Zot:4    | Noticed Demecem the pandemonium lord
 69621 | D:12     | Noticed Pianaor the pandemonium lord
 69858 | D:8      | Noticed Caamiyka the pandemonium lord
 70023 | D:$      | Escaped with the Orb!

Illustrated notes

Levels and vault maps discovered:
D:1:      nicolae_arrival_memento_mori, layout_basic, minmay_rat_gold_closets
D:2:      layout_basic, reono_crystal_passage, st_stairs_7
D:3:      layout_loops_ring, serial_shops, shop, grunt_ministairs_5,
          kennysheep_generic_room_7
D:4:      layout_loops_ring, serial_shops, shop, nicolae_custom_books,
          uniq_crazy_yiuf_cottage, uniq_eustachio
D:5:      layout_rooms, minmay_temple_entry_slanted,
          hellmonk_ghost_happy_afterlife, uniq_sigmund
D:6:      layout_basic, nicolae_overflow_hidden_temple
D:7:      layout_rooms, mainiacjoe_overflow_alcove_1, kennysheep_mini_moat,
          minmay_fractal_squares_gapless_5
D:8:      layout_rooms, kennysheep_little_box, lemuel_coloured_pillars_altar,
          david_lair_generic, enter_ossuary_5, uniq_psyche
D:9:      layout_rooms, uniq_erica, uniq_pikel
D:10:     layout_irregular_city, mainiacjoe_overflow_six_doors_small,
          fedhas_bush_and_centaur_altar, kennysheep_mini, bloody_makhleb,
          mainiacjoe_overflow_tiny_flanked, lemuel_mausoleum_altar_yredelemnul,
          palyth_stone_intersect, minmay_orc_keep
D:11:     minmay_chambers_of_sevens, layout_basic, orc_0_dummy,
          nicolae_trove_entry_crystal, serial_shops, shop, uniq_lodul,
          uniq_snorg
D:12:     layout_irregular_city, serial_library,
          serial_library_hellmonk_recessed_alcove,
          serial_library_regret_index_multi, serial_library_hellmonk_octagon,
          serial_library_hellmonk_filled_rooms,
          serial_library_hellmonk_long_bookcase
D:13:     minmay_the_grid_square_5x5_5x5_mashed
          [minmay_the_grid_square_5x5_inset,
          minmay_the_grid_square_5x5_bracketed,
          minmay_the_grid_square_5x5_minimal, minmay_the_grid_square_5x5_two,
          minmay_the_grid_square_5x5_n_small,
          minmay_the_grid_square_5x5_percent,
          minmay_the_grid_square_5x5_prize_monsterx,
          minmay_the_grid_square_5x5_comb,
          minmay_the_grid_square_5x5_prize_waves,
          minmay_the_grid_square_5x5_tetrominoes,
          minmay_the_grid_square_5x5_corner,
          minmay_the_grid_square_5x5_pentomino_r,
          minmay_the_grid_square_5x5_prize_rear_guard,
          minmay_the_grid_square_5x5_shuriken,
          minmay_the_grid_square_5x5_six_small,
          minmay_the_grid_square_5x5_trominoes,
          minmay_the_grid_square_5x5_prize_snowflake,
          minmay_the_grid_square_5x5_fat_x,
          minmay_the_grid_square_5x5_prize_junk,
          minmay_the_grid_square_5x5_eight,
          minmay_the_grid_square_5x5_hollow_slash,
          minmay_the_grid_square_5x5_three_small,
          minmay_the_grid_square_5x5_inner_z, minmay_the_grid_square_5x5_plus,
          minmay_the_grid_square_5x5_mess], layout_rooms,
          grunt_vaults_entry_tiered, uniq_jorgrun
D:14:     layout_small_grid, chequers_mini_garden, item_on_display_a
D:15:     gammafunk_depths_entry_grave, layout_cave_pools, serial_shops,
          nicolae_shop_rolling_square, gauntlet_entry_generic,
          dreamdust_wishing_well, nicolae_diode_basic
Temple:   kb_temple_of_zot
Lair:1:   layout_roguey, portal_ice_cave_entry_ice_simulacra,
          chequers_serial_rivers_room_b, nzn_masters_of_martial_movement
Lair:2:   layout_chaotic_city, st_stairs_10, nicolae_quartered_pool_little,
          uniq_gastronok
Lair:3:   layout_big_grid, minmay_swamp_entry_reptiles,
          minmay_snake_entry_guardpost_large, lemuel_centaur_altar
Lair:4:   layout_roguey, slime_entry_2
Lair:5:   evilmike_catoblepas_cave, layout_gridlike
Swamp:1:  layout_falls_marsh, gammafunk_ghost_grave,
          evilmike_swamp_ruin_house_4, infiniplex_staircase_pool, uniq_kirke
Swamp:2:  layout_basic_swamp, evilmike_swamp_ruin_house_3, swamp_pool_1_2,
          uniq_louise, uniq_mlioglotl
Swamp:3:  layout_falls_marsh, hangedman_swamp_ruin_wall, grunt_ruined_hall
Swamp:4:  grunt_swamp_rune_castle, layout_basic_swamp
Snake:1:  layout_layer_cave, nicolae_triple_integral, minmay_shop_grove,
          serial_bayou_shore_b
Snake:2:  layout_grid_maze
Snake:3:  layout_grid_maze, serial_shops, shop
Snake:4:  snake_pit_salamanders_mu, layout_chambers,
          gammafunk_ghost_wrathful_warriors
Orc:1:    layout_caves, basic_altar, serial_shops, nicolae_diamond_shop,
          nicolae_specific_store
Orc:2:    grunt_orc_tribal_feast, layout_diamond_mine
Elf:1:    nicolae_elf_arrival_no_cutting_in_line, layout_geoelf_octagon,
          evilmike_minifort, uniq_agnes
Elf:2:    nicolae_elf_blades_crystal_corner, layout_gridlike, basic_altar,
          serial_shops, shop_fountains, uniq_saint_roka
Elf:3:    grunt_elf_hall_asides, layout_onion_city
Vaults:1: hangedman_vaults_impose, vaults_room_grid, vaults_room_grid,
          hangedman_vaults_impose, vaults_room_fours, v_misc_25,
          v_alt_pattern_4, nicolae_vaults_closet_pinwheel_6,
          nicolae_vaults_heist, v_misc_1, hangedman_vaults_stagger,
          nicolae_vaults_tetromino_Z_2, nicolae_vaults_border_crossing,
          v_misc_25, layout_vaults_big_room, serial_shops,
          nicolae_shop_pleasant_corner_grove, shop_fountains,
          nicolae_shop_window_shopping, nicolae_shop_back_alley_shop,
          nicolae_shop_tiny_waterfront
Vaults:2: not_door_vault_mu, nicolae_vaults_security_offices_2,
          nicolae_vaults_trapezoid_2, layout_vaults_omnigrid, serial_shops,
          nicolae_shop_waterfront
Vaults:3: nicolae_vaults_back_hallway, vaults_dpeg_doors,
          grunt_vaults_trifunnel, nicolae_vaults_trapezoid_4,
          grunt_vaults_hallway_short, nicolae_vaults_prndl,
          nicolae_vaults_network_square, v_misc_2, hangedman_vaults_hat,
          ontoclasm_vaults_fault, nicolae_vaults_windows_and_doors_thing,
          nicolae_vaults_layer_cake_slice, nicolae_vaults_little_squares_6,
          nicolae_vaults_sesquioval_fish, layout_vaults_maze, uniq_donald
Vaults:4: mu_enter_wizlab_6, st_check, nicolae_vaults_circle_grid_b,
          vaults_room_door_hall, nicolae_vaults_house_3, v_rooms_4, v_rooms_6,
          nicolae_vaults_closet_pinwheel_3, hangedman_vaults_variations,
          hangedman_vaults_impose, dpeg_vaults_monster_row,
          nicolae_vaults_trapezoid_lopsided_3,
          nicolae_vaults_trapezoid_lopsided_3, ontoclasm_vaults_idyll,
          nicolae_vaults_double_plus_1, layout_vaults_big_cross
Vaults:5: serial_shops
Crypt:1:  layout_rooms, uniq_zenata
Crypt:2:  layout_gridlike, grunt_megastairs_4, uniq_josephina
Crypt:3:  lightli_unholy_cathedral, layout_chaotic_city
Depths:1: minmay_sliced_demisemicircle, layout_cave_shapes,
          biasface_ghost_demon_polymorph, grunt_hell_entry_dis_grunt,
          hellmonk_sif_muna_bookshelves
Depths:2: minmay_stepped, layout_cave_shapes, hangedman_coc_ice_floe,
          rand_demon_pan_entry_5, infiniplex_staircase_zigzag_2,
          kennysheep_random_hallway, uniq_norris
Depths:3: minmay_slanted_spiral_squares, layout_basic, enter_ziggurat_f,
          rand_demon_pan_entry_8, serial_glass, glass_columns_a,
          glass_columns_b, glass_columns_a, glass_columns_b, glass_columns_a,
          glass_columns_c, glass_columns_c, glass_columns_a, hell_entry,
          nemelex_diamond_rough_becter, abyss_entry
Depths:4: grunt_zot_entry_funnels, layout_cave_shapes, abyss_entry,
          grunt_hell_horde, nrook_uturn, uniq_boris
Zot:1:    grunt_zot_stairs_faceoff, layout_cathedral_of_symmetry
Zot:2:    layout_gridville, uniq_parghit, uniq_grunn
Zot:3:    nicolae_moth_party, layout_cathedral_of_symmetry
Zot:4:    layout_gridlike, st_stairs_4
Zot:5:    layout_cathedral_of_symmetry, uniq_tiamat

Skill      XL: |  1  2  3  4  5  6  7  8  9 10 11 12 13 14 15 16 17 18 19 20 21 22 23 24 25 26 27 |
---------------+----------------------------------------------------------------------------------+-----
Throwing       | 2 |  2.0
Dodging        | 3 5 8 10 11 14 | 14.3
Unarmed Combat | 1 2 3 4 5 7 9 10 12 13 14 15 16 17 18 19 20 21 22 23 24 25 | 25.0
Fighting       | 3 4 5 6 8 10 12 13 14 15 17 18 19 20 21 22 23 24 25 26 27 | 27.0
Invocations    | 1 7 11 13 15 17 19 20 21 22 24 25 26 27 | 27.0
Armour         | 5 7 9 11 12 14 15 16 17 18 | 18.2
Axes           | |  2.8

Action                     |  1- 3 |  4- 6 |  7- 9 | 10-12 | 13-15 | 16-18 | 19-21 | 22-24 | 25-27 || total
---------------------------+-------+-------+-------+-------+-------+-------+-------+-------+-------++-------
  Melee: War axe           |    86 |    34 |       |       |       |       |       |       |       ||   120
         Touch             |    10 |    26 |    79 |   113 |   240 |   274 |   382 |   425 |   208 ||  1757
         Punch             |       |     7 |    18 |    50 |   130 |   170 |   275 |   360 |   191 ||  1201
         Unarmed           |       |   104 |   403 |   483 |  1063 |  1285 |  1672 |  1807 |   837 ||  7654
  Throw: Throwing net      |       |     5 |     2 |     4 |       |       |       |     1 |       ||    12
 Invoke: Drain Life        |       |       |       |     2 |     7 |     2 |     6 |     3 |     1 ||    21
         Bind Soul         |       |       |       |       |       |     2 |       |     2 |     2 ||     6
         Dark Bargain      |       |       |       |       |       |       |     2 |     1 |       ||     3
         Recall Undead Har |       |       |       |       |       |       |       |       |     2 ||     2
  Evoke: Wand              |       |       |     4 |     5 |     2 |       |       |       |     6 ||    17
    Use: Scroll            |       |       |    15 |     4 |    10 |    12 |     7 |    10 |     8 ||    66
         Potion            |       |       |       |     4 |     1 |     5 |     8 |    17 |    14 ||    49
   Stab: Sleeping          |     1 |       |       |       |       |       |       |       |       ||     1
         Held in net/web   |       |     1 |       |       |       |       |       |       |       ||     1
         Distracted        |       |       |       |     1 |    12 |    18 |    12 |    27 |     9 ||    79
         Invisible         |       |       |       |     1 |     6 |    12 |       |       |       ||    19
         Petrified         |       |       |       |       |    10 |       |       |       |       ||    10
         Confused          |       |       |       |       |       |     1 |       |       |       ||     1
 Armour: Leather armour    |    44 |    91 |    90 |       |       |       |       |       |       ||   225
         Skin              |       |       |     2 |       |       |       |       |       |       ||     2
         Ring mail         |       |       |   136 |   404 |   818 |       |       |       |       ||  1358
         Gold dragon scale |       |       |       |       |    46 |  1652 |  1820 |  1966 |  1000 ||  6484
  Dodge: Dodged            |    62 |    78 |   213 |   199 |   453 |   287 |   343 |   379 |   353 ||  2367
  Block: Other             |       |       |    80 |   159 |   317 |   149 |   187 |   129 |    84 ||  1105
         Reflection        |       |       |       |     8 |    12 |       |       |       |       ||    20

Table legend: (Time is in decaauts)
 A = Elapsed time spent in this place.
 B = Non-inter-level travel time spent in this place.
 C = Inter-level travel time spent in this place.
 D = Time resting spent in this place.
 E = Time spent auto-exploring this place.
 F = Levels seen in this place.
 G = Mean time per level.
                   A        B        C        D        E       F      G
               +--------+--------+--------+--------+--------+-----+--------+
         Total |  67868 |  63014 |   4854 |  16323 |  30834 |  58 | 1170.1 |
       Dungeon |  20385 |  18246 |   2139 |   5799 |   8201 |  15 | 1359.0 |
        Temple |     64 |     35 |     29 |      4 |      0 |   1 |   64.0 |
          Lair |   6912 |   6510 |    402 |   2363 |   2977 |   5 | 1382.4 |
         Swamp |   3001 |   2875 |    126 |    576 |   1513 |   4 |  750.2 |
     Snake Pit |   5239 |   4994 |    245 |    413 |   3858 |   4 | 1309.8 |
  Orcish Mines |   1998 |   1780 |    218 |    466 |    893 |   2 |  999.0 |
   Elven Halls |   4235 |   3977 |    258 |   1082 |   1073 |   3 | 1411.7 |
        Vaults |   8647 |   7849 |    798 |   1201 |   4732 |   5 | 1729.4 |
         Crypt |   3340 |   3225 |    115 |    745 |   1715 |   3 | 1113.3 |
        Depths |   5402 |   5059 |    343 |   1095 |   2828 |   4 | 1350.5 |
           Zot |   6644 |   6466 |    178 |   1907 |   2982 |   5 | 1328.8 |
         Abyss |    332 |    332 |      0 |    121 |      0 |   2 |  166.0 |
         Trove |     43 |     43 |      0 |      0 |      0 |   1 |   43.0 |
       Ossuary |    234 |    234 |      0 |      0 |     10 |   1 |  234.0 |
      Ice Cave |    516 |    516 |      0 |    250 |      0 |   1 |  516.0 |
        Wizlab |    531 |    531 |      0 |    214 |     50 |   1 |  531.0 |
      Gauntlet |    337 |    337 |      0 |     85 |      0 |   1 |  337.0 |
               +--------+--------+--------+--------+--------+-----+--------+

Top non-repeatable levels by time:
    D:12: 3404 daAuts
    D:11: 2471 daAuts
  Lair:5: 1995 daAuts
    D:10: 1984 daAuts
Vaults:5: 1961 daAuts
   Elf:3: 1942 daAuts
Vaults:4: 1901 daAuts
Vaults:1: 1872 daAuts
  Lair:2: 1754 daAuts
 Snake:4: 1708 daAuts
   Zot:4: 1678 daAuts
Vaults:3: 1612 daAuts
Depths:3: 1534 daAuts
    D:13: 1502 daAuts
   Elf:1: 1481 daAuts
